 Dungeon Crawl Stone Soup version 0.30-a0-142-g7370640ec8 (webtiles) character file.

Game seed: 8956785549078683164

156 qw the Chopper (level 5, -6/32 HPs)
             Began as a Gargoyle Fighter on Sept 26, 2022.
             Mangled by an iguana (9 damage)
             ... on level 4 of the Dungeon.
             The game lasted 00:00:44 (2175 turns).

qw the Chopper (Gargoyle Fighter)                   Turns: 2175, Time: 00:00:45

Health: -6/32      AC:  8    Str: 28    XL:     5   Next: 38%
Magic:  5/5        EV: 10    Int:  8    God:
Gold:   157        SH:  4    Dex:  9    Spells: 4/4 levels left

rFire   . . .      SeeInvis .    Y - +2 war axe
rCold   . . .      Faith    .    c - +0 buckler
rNeg    + . .      Spirit   .    e - +0 plate armour
rPois   inf        Reflect  .    b - +0 helmet
rElec   +          Harm     .    (no cloak)
rCorr   .          Rampage  .    (no gloves)
Will    .....                    (no boots)
Stlth   ..........               (no amulet)
HPRegen 0.10/turn                a - +4 ring of evasion
MPRegen 0.09/turn                m - +6 ring of strength

@: corroded
A: sickness immunity, AC +4, negative energy resistance 1, electricity
resistance, torment resistance 1, petrification resistance
a: no special abilities


You were on level 4 of the Dungeon.
You visited 1 branch of the dungeon, and saw 4 of its levels.

You collected 179 gold pieces.
You spent 22 gold pieces at shops.


Innate Abilities, Weirdness & Mutations

You are immune to sickness and miasma.
Your stone body is resilient. (AC +4)
You are immune to poison.
You resist negative energy. (rN+)
You are resistant to electric shocks. (rElec)
You are resistant to unholy torment.
You are immune to petrification.


   Skills:
 - Level 3.2 Fighting
 + Level 4.7 Axes
 - Level 1.0 Throwing
 - Level 3.2 Armour
 - Level 3.2 Shields


You had 4 spell levels left.
You didn't know any spells.
Your spell library was empty.

Inventory:

Hand Weapons
 k - a +0 flail
 Y - a +2 war axe (weapon)
Armour
 b - a +0 helmet (worn)
 c - a +0 buckler (worn)
 e - a +0 plate armour (worn)
Jewellery
 a - a +4 ring of evasion (left hand)
 m - a +6 ring of strength (right hand)
Scrolls
 j - a scroll of identify
Potions
 d - 3 potions of might
 g - a potion of lignification
 h - a potion of resistance {unknown}
 l - a potion of mutation {unknown}

Dungeon Overview and Level Annotations

Branches:
Dungeon (4/15)
 Temple: D:4-7

Altars:

Shops:
D:1 [?(!?


Message History

The hobgoblin hits you.
The hobgoblin hits you but does no damage.
You slash the hobgoblin!
You kill the hobgoblin!
You start resting.
A black bear comes into view.
The black bear growls angrily.
A jelly comes into view.
The jelly quivers.
An iguana comes into view.
You slash the black bear!
The black bear is heavily wounded.
The black bear bites you but does no damage.
The black bear claws you but does no damage.
The black bear barely misses you.
You hit the black bear.
The black bear is heavily wounded.
The black bear bites you but does no damage.
The black bear claws you but does no damage.
The black bear barely misses you. You block the black bear's attack.
The black bear claws you but does no damage.
The black bear barely misses you. The jelly hits you but does no damage.
You slash the black bear!
The black bear is almost dead.
You slash the jelly! The acid corrodes you!
Your hands burn!
The jelly hits you but does no damage.
The black bear goes berserk!
You completely miss the black bear.
The black bear is almost dead.
You hit the jelly but do no damage. The acid corrodes you!
Your hands burn!
The black bear barely misses you. The black bear closely misses you. x2
The jelly hits you.
You are splashed with acid!
The black bear bites you.
The black bear claws you but does no damage.
The black bear claws you.
You hit the black bear.
You kill the black bear!
You closely miss the iguana. You barely miss the jelly.
The jelly barely misses you.
The iguana bites you but does no damage.
The jelly barely misses you. The iguana bites you!
You die...

#.......# #.......#
#.......+ #.!.....
#......# .
#......########..#
#...J..##.<.......
##...%@.##..%......
......l.............
...................#
.........##...##...#
.........##...# ...#
.##########....# ...
#....# .. ....:#
#...##


You could see an iguana and a jelly.

Vanquished Creatures
  A black bear (D:4)
  A scorpion (D:3)
  An iguana (D:4)
  2 adders (D:2)
  2 dart slugs
  A ball python (D:1)
  2 endoplasms
  6 giant cockroaches
  3 goblins
  3 hobgoblins
  6 jackals
  2 quokkas (D:1)
  4 bats
  6 frilled lizards
  6 kobolds
  3 rats
49 creatures vanquished.

Notes
Turn   | Place    | Note
-------+----------+-------------------------------------------
     0 | D:1      | qw the Gargoyle Fighter began the quest for the Orb.
     0 | D:1      | Reached XP level 1. HP: 14/14 MP: 1/1
     0 | D:1      | 0 ||| qw: Version: 0.2-a-10-g399e6c4
     0 | D:1      | 0 ||| qw: Game counter: 431
     0 | D:1      | 0 ||| qw: Always use a shield: true
     0 | D:1      | 0 ||| qw: God list: Okawaru
     0 | D:1      | 0 ||| qw: Allow faded altars: false
     0 | D:1      | 0 ||| qw: Do Orc after D:15 true
     0 | D:1      | 0 ||| qw: Do second Lair branch before Depths: true
     0 | D:1      | 0 ||| qw: Lair rune preference: random
     0 | D:1      | 0 ||| qw: Plans: Normal, Zot:1-4, God:TSO, Crypt, Tomb,
                  | Pan, Slime:5, Hells, Abyss, Orb
     0 | D:1      | 0 ||| PLANNING D:1-11
    52 | D:1      | Reached skill level 2 in Axes
    54 | D:1      | 54 ||| Stepping ~*~*~tactically~*~*~ (stealth).
    55 | D:1      | 55 ||| Stepping ~*~*~tactically~*~*~ (stealth).
   115 | D:1      | Reached XP level 2. HP: 19/19 MP: 2/2
   263 | D:1      | 263 ||| DROPPING +0 club.
   378 | D:1      | Found Boke's Weapon Boutique.
   508 | D:1      | Reached skill level 3 in Axes
   528 | D:1      | Found Siegaidu's Magic Scroll Shop.
   542 | D:1      | 542 ||| SHOPLISTING scroll of brand weapon (123 gold, have
                  | 8).
   542 | D:1      | 542 ||| SHOPLISTING scroll of identify (26 gold, have 8).
   542 | D:1      | 542 ||| SHOPLISTING scroll of teleportation (39 gold, have
                  | 8).
   571 | D:1      | Reached XP level 3. HP: 22/23 MP: 3/3
   606 | D:1      | 606 ||| Stepping ~*~*~tactically~*~*~ (stealth).
   647 | D:1      | 647 ||| Stepping ~*~*~tactically~*~*~ (stealth).
   655 | D:1      | Found Jafouv's Magic Scroll Boutique.
   663 | D:1      | 663 ||| BUYING scroll of identify (22 gold).
   663 | D:1      | Bought a scroll of identify for 22 gold pieces
   663 | D:1      | 663 ||| SHOPLISTING scroll of identify (22 gold, have 1).
   663 | D:1      | 663 ||| SHOPLISTING scroll of teleportation (33 gold, have
                  | 1).
   780 | D:1      | Found Lipo's Distillery.
   786 | D:1      | 786 ||| SHOPLISTING potion of attraction (30 gold, have 1).
   786 | D:1      | 786 ||| SHOPLISTING potion of curing (30 gold, have 1).
   786 | D:1      | 786 ||| SHOPLISTING potion of heal wounds (50 gold, have
                  | 1).
   786 | D:1      | 786 ||| SHOPLISTING potion of might (40 gold, have 1).
   916 | D:1      | Found Rimaotuqa's Antique Armour Emporium.
   919 | D:1      | 919 ||| SHOPLISTING embroidered scarf (176 gold, have 1).
   919 | D:1      | 919 ||| SHOPLISTING pair of gloves (99 gold, have 1).
   919 | D:1      | 919 ||| SHOPLISTING shiny chain mail (165 gold, have 1).
   919 | D:1      | 919 ||| SHOPLISTING shiny scale mail (154 gold, have 1).
   934 | D:1      | 934 ||| UPGRADING to +0 chain mail.
   944 | D:1      | 944 ||| DROPPING +0 scale mail.
   945 | D:1      | 945 ||| READING scroll labelled DYSMEI NEASH.
   946 | D:1      | 946 ||| READING 3 scrolls of identify.
   946 | D:1      | 946 ||| IDENTIFYING grey potion
   947 | D:1      | 947 ||| READING 2 scrolls of identify.
   947 | D:1      | 947 ||| IDENTIFYING orange potion
   948 | D:1      | 948 ||| DROPPING potion of invisibility.
  1003 | D:2      | 1003 ||| Stepping ~*~*~tactically~*~*~ (stealth).
  1068 | D:2      | Reached skill level 1 in Throwing
  1203 | D:2      | You fall into a shaft and drop 1 floor!
  1228 | D:3      | 1228 ||| UPGRADING to +0 plate armour.
  1238 | D:3      | 1238 ||| DROPPING +0 chain mail.
  1239 | D:3      | 1239 ||| UPGRADING to +4 ring of evasion.
  1240 | D:3      | 1240 ||| READING scroll labelled DOXUWUEXOA.
  1249 | D:3      | 1249 ||| Stepping ~*~*~tactically~*~*~ (hiding).
  1438 | D:2      | Reached XP level 4. HP: 26/28 MP: 4/4
  1636 | D:2      | 1636 ||| READING scroll labelled SUFED REOHURO.
  1668 | D:3      | Noticed a scorpion
  1669 | D:3      | 1669 ||| Stepping ~*~*~tactically~*~*~ (stealth).
  1676 | D:3      | Killed a scorpion
  1677 | D:3      | Reached skill level 4 in Axes
  1677 | D:3      | Reached XP level 5. HP: 25/32 MP: 5/5
  1773 | D:3      | 1773 ||| Stepping ~*~*~tactically~*~*~ (stealth).
  1875 | D:3      | 1875 ||| DROPPING +0 whip.
  2038 | D:3      | 2038 ||| UPGRADING to +0 helmet.
  2043 | D:3      | 2043 ||| UPGRADING to +6 ring of strength.
  2044 | D:3      | 2044 ||| READING 2 scrolls labelled QEUPEITORO.
  2045 | D:3      | 2045 ||| READING scroll of enchant weapon.
  2045 | D:3      | 2045 ||| ENCHANTING +1 war axe.
  2046 | D:3      | 2046 ||| READING scroll labelled RUVVUQ VOWOJ.
  2070 | D:4      | 2070 ||| PLANNING SEWER
  2080 | D:4      | 2080 ||| STAIRDANCE
  2164 | D:4      | Noticed a black bear
  2174 | D:4      | HP: 7/32 [black bear (6)]
  2174 | D:4      | HP: 3/32 [black bear (4)]
  2175 | D:4      | Killed a black bear
  2175 | D:4      | Mangled by an iguana

Levels and vault maps discovered:
D:1:      matt_arrival_refuge, layout_basic, serial_shops, shop, shop, shop,
          shop, nicolae_shop_statue_plus, nrook_campfire
D:2:      layout_basic
D:3:      layout_rooms, kennysheep_generic_room_4
D:4:      layout_gridville, cheibrodos_sewer_entry_drain, grunt_ministairs_14,
          minmay_unequal

Skill      XL: |  1  2  3  4 |
---------------+-------------+-----
Axes           | 2 3 4 |  4.7
Throwing       | 1 |  1.0
Fighting       | |  3.2
Armour         | |  3.2
Shields        | |  3.2

Action                   |  1- 3 |  4- 6 || total
-------------------------+-------+-------++-------
Melee: War axe           |   103 |    37 ||   140
Throw: Javelin           |     8 |     6 ||    14
  Use: Scroll            |     4 |     4 ||     8
Armor: Scale mail        |    35 |       ||    35
       Chain mail        |    12 |       ||    12
       Plate armour      |     9 |    18 ||    27
Dodge: Dodged            |    52 |    22 ||    74
Block: Buckler           |    22 |     7 ||    29

Table legend:
 A = Non-vault XP
 B = Vault XP
 C = Vault XP percentage of total XP
 D = Non-vault monster count
 E = Vault monster count
 F = Vault count percentage of total count
                 A         B        C        D         E       F
            +---------+---------+-------+---------+---------+-------
      Total |     355 |       2 |   0.6 |      48 |       1 |   2.0
            +---------+---------+-------+---------+---------+-------
        D:1 |      47 |       0 |   0.0 |      28 |       0 |   0.0
        D:2 |      33 |       0 |   0.0 |       7 |       0 |   0.0
        D:3 |     103 |       2 |   1.9 |      10 |       1 |   9.1
        D:4 |     172 |       0 |   0.0 |       3 |       0 |   0.0
            +---------+---------+-------+---------+---------+-------
